 Dungeon Crawl Stone Soup version 0.23.2-30-g0e89c35649 (webtiles) character file.

Game seed: 4858162473821328799

68 Iberia the Grave Robber (level 4, -3/24 HPs)
             Began as a Deep Elf Necromancer on June 22, 2019.
             Killed from afar by Sigmund (6 damage)
             ... with a magic dart
             ... on level 2 of the Dungeon.
             The game lasted 00:11:02 (1610 turns).

Iberia the Grave Robber (Deep Elf Necromancer)      Turns: 1610, Time: 00:11:02

Health: -3/24      AC:  2    Str:  5    XL:     4   Next: 1%
Magic:  9/12       EV: 13    Int: 21    God:
Gold:   43         SH:  0    Dex: 15    Spells: 3/11 levels left

rFire    . . .     SeeInvis .   (no weapon)
rCold    . . .     Gourm    .   (no shield)
rNeg     . . .     Faith    .   a - +0 robe
rPois    .         Spirit   .   (no helmet)
rElec    .         Reflect  .   (no cloak)
rCorr    .         Harm     .   (no gloves)
MR       .....                  (no boots)
Stlth    +.........             (no amulet)
HPRegen  0.08/turn              (no ring)
MPRegen  0.13/turn              (no ring)

@: confused
A: no striking features
a: no special abilities


You were on level 2 of the Dungeon.
You were not hungry.

You visited 1 branch of the dungeon, and saw 2 of its levels.

You collected 43 gold pieces.

Inventory:

Armour
 a - a +0 robe (worn)
 b - a +0 pair of boots
Scrolls
 d - a scroll of noise {unknown}
 e - a scroll of enchant weapon {unknown}
 f - a scroll of remove curse {unknown}
 g - a scroll of identify {unknown}
 h - a scroll of blinking
 i - a scroll of enchant armour {unknown}
 k - a scroll of amnesia {unknown}
Potions
 j - a potion of might {unknown}
 l - a potion of invisibility {unknown}
 m - a potion of heal wounds {unknown}
Comestibles
 c - 4 rations
 n - 4 chunks of flesh


   Skills:
 + Level 2.6 Dodging
 + Level 2.7 Stealth
 + Level 4.3 Spellcasting
 + Level 5.8 Necromancy


You had 3 spell levels left.
You knew the following spells:

 Your Spells              Type           Power        Failure   Level  Hunger
a - Pain                  Necr           ####         1%          1    None
b - Animate Skeleton      Necr           N/A          1%          1    None
c - Vampiric Draining     Necr           ####......   3%          3    ##.....
d - Regeneration          Chrm/Necr      ###.......   11%         3    ##.....

Your spell library contained the following spells:

 Spells                   Type           Power        Failure   Level  Hunger
 Animate Dead             Necr           N/A          11%         4    ####...


Dungeon Overview and Level Annotations

Branches:
Dungeon (2/15)

Altars:

Annotations:
D:2 Sigmund


Message History

Sigmund barely misses you.
Your goblin skeleton hits Sigmund but does no damage.
Your leopard gecko skeleton barely misses Sigmund.
Your goblin skeleton misses Sigmund.
Your adder skeleton bites Sigmund but does no damage.
Sigmund completely misses you.
Your leopard gecko skeleton misses Sigmund.
Your adder skeleton closely misses Sigmund.
Your goblin skeleton hits Sigmund but does no damage.
Your leopard gecko skeleton bites Sigmund but does no damage.
Sigmund gestures at you while chanting.
You are confused.
Your adder skeleton bites Sigmund but does no damage.
Your leopard gecko skeleton bites Sigmund.
Your goblin skeleton hits Sigmund but does no damage.
You're too confused to move!
Your adder skeleton completely misses Sigmund.
Sigmund casts a spell at you. The magic dart hits you.
You die...

#..#.... ....##
#.##.#.#..#..### #.#..#.##....
#...##..#...# ####..###....#.#
#. ####.....##...# .##...
########....##.#...#.###.....K
#.........####....Z.......#
#............@...@Z.......#
#.........####.#...Z......#
#...)<....# ##............#
#.........# #.............#
############..##..........#
#..############# #..# #..#
#..#


You could see Sigmund, a friendly leopard gecko skeleton, a friendly adder
skeleton and a friendly goblin skeleton.

Vanquished Creatures
  Jessica (D:2)
  An adder (D:2)
  A worm (D:1)
  2 leopard geckos
  2 giant cockroaches (D:1)
  3 goblins
  2 hobgoblins (D:1)
  4 bats (D:1)
  3 frilled lizards (D:1)
  4 kobolds (D:1)
  3 rats (D:1)
26 creatures vanquished.

Vanquished Creatures (collateral kills)
  An ooze (D:1)
1 creature vanquished.

Grand Total: 27 creatures vanquished

Notes
Turn   | Place    | Note
-------+----------+-------------------------------------------
     0 | D:1      | Iberia the Deep Elf Necromancer began the quest for the
                  | Orb.
     0 | D:1      | Reached XP level 1. HP: 10/10 MP: 6/6
    77 | D:1      | Learned a level 1 spell: Animate Skeleton
    88 | D:1      | Reached skill level 5 in Necromancy
   243 | D:1      | Reached XP level 2. HP: 13/15 MP: 6/8
  1117 | D:1      | Reached XP level 3. HP: 5/19 MP: 0/10
  1370 | D:2      | Learned a level 3 spell: Vampiric Draining
  1374 | D:2      | Learned a level 3 spell: Regeneration
  1379 | D:2      | Noticed Sigmund
  1551 | D:2      | Noticed Jessica
  1553 | D:2      | Killed Jessica
  1569 | D:2      | Reached XP level 4. HP: 19/24 MP: 7/12
  1610 | D:2      | Killed from afar by Sigmund

Skill      XL: |  1  2  3 |
---------------+----------+-----
Necromancy     | 5 |  5.8
Spellcasting   | 4 |  4.3
Dodging        | |  2.6
Stealth        | |  2.7

Action                   |  1- 3 |  4- 6 || total
-------------------------+-------+-------++-------
Melee: Unarmed           |     2 |       ||     2
 Cast: Pain              |    42 |     1 ||    43
       Animate Skeleton  |     7 |     3 ||    10
  Use: Scroll            |     1 |       ||     1
  Eat: Ration            |     1 |       ||     1
       Chunk             |     1 |       ||     1
Armor: Robe              |     3 |       ||     3
Dodge: Dodged            |    11 |     3 ||    14
